 Dungeon Crawl Stone Soup version 0.32-a0-932-g546787307d (webtiles) character file.

Game seed: 1534935155942247673

13152 Chimkentus the Toxicologist (level 12, -21/72 HPs)
             Began as an Octopode Alchemist on Apr 14, 2024.
             Was an Elder of Fedhas.
             Demolished by a boulder beetle (37 damage)
             ... on level 9 of the Dungeon.
             The game lasted 01:09:32 (12291 turns).

Chimkentus the Toxicologist (Octopode Alchemist)   Turns: 12291, Time: 01:09:33

Health: -21/72     AC:  1    Str:  7    XL:     12   Next: 3%
Magic:  1/25       EV: 13    Int: 23    God:    Fedhas [****..]
Gold:   637        SH:  0    Dex: 12    Spells: 12/30 levels left

rFire   . . .        m - staff of air
rCold   . . .        (no shield)
rNeg    . . .        (helmet restricted)
rPois   .            (no amulet)
rElec   +            (no ring)
rCorr   .            (no ring)
SInv    .            (no ring)
Will    .....        (no ring)
Stlth   ++++         (no ring)
HPRegen 0.32/turn    (no ring)
MPRegen 0.19/turn    (no ring)
                     (no ring)

%: no passive effects
@: no status effects
A: almost no armour, amphibious, 8 rings, camouflage 1, gelatinous body 1,
(nimble swimmer 1), tentacles
a: Renounce Religion, Wall of Briars, Grow Ballistomycete, Overgrow


You were on level 9 of the Dungeon.
You worshipped Fedhas.
Fedhas was greatly pleased with you.
You visited 1 branch of the dungeon, and saw 9 of its levels.
You also visited: Sewer and Bailey.

You collected 637 gold pieces.

Inventory:

Hand Weapons
 j - a +1 sling of flaming
 v - a +4 battleaxe
Missiles
 b - 63 stones
 d - 2 boomerangs
 p - 25 poisoned darts (quivered)
 C - a curare-tipped dart
Armour
 s - an orb of wrath
Magical Staves
 m - a staff of air (weapon)
 u - a staff of earth
Jewellery
 x - a ring of fire
Talismans
 e - a serpent talisman
 r - a maw talisman
Wands
 t - a wand of flame (7)
Scrolls
 h - 2 scrolls of fog
 i - a scroll of blinking
 n - 4 scrolls of enchant armour
 o - 2 scrolls of fear
 q - 6 scrolls of teleportation
 w - a scroll of silence {unknown}
 y - a scroll of summoning
Potions
 a - 3 potions of berserk rage
 c - 4 potions of curing
 f - a potion of attraction
 g - 4 potions of enlightenment
 k - 4 potions of might
 l - a potion of heal wounds
 z - a potion of invisibility
 A - 3 potions of mutation
Miscellaneous
 B - a condenser vane (inert)


   Skills:
 + Level 2.9 Fighting
 + Level 0.2 Staves
 + Level 0.9 Ranged Weapons
 + Level 0.1 Throwing
 + Level 4.0 Dodging
 + Level 7.0 Stealth
 + Level 0.3 Unarmed Combat
 * Level 9.7 Spellcasting
 + Level 6.1 Conjurations
 * Level 6.4 Ice Magic
 + Level 3.1 Air Magic
 + Level 4.5 Earth Magic
 + Level 9.7 Alchemy
 * Level 6.7 Invocations
 + Level 3.9 Evocations


You had 12 spell levels left.
You knew the following spells:

 Your Spells              Type           Power      Damage    Failure   Level
a - Sting                 Conj/Alch      100%       1d9       1%          1
b - Mephitic Cloud        Conj/Alch/Air  57%        N/A       1%          3
c - Stone Arrow           Conj/Erth      70%        3d11      1%          3
d - Olgreb's Toxic Radia  Alch           54%        N/A       1%          4
e - Ozocubu's Armour      Ice            40%        N/A       1%          3
f - Sticky Flame          Fire/Alch      33%        2d7       8%          4

Your spell library contained the following spells:

 Spells                   Type           Power      Damage    Failure   Level
 Sandblast                Erth           64%        2d14      1%          1
 Mercury Vapours          Alch/Air       100%       N/A       1%          2
 Brom's Barrelling Bould  Conj/Erth      35%        2d5       6%          4
 Fugue of the Fallen      Necr           11%        N/A       17%         3
 Manifold Assault         Tloc           5%         N/A       100%        7


Dungeon Overview and Level Annotations

Branches:
Dungeon (9/15)             Temple (0/1) D:7            Lair (0/5) D:9
    Orc (0/2) D:9           Sewer (visited)          Bailey (visited)

Altars:
Ashenzari
Cheibriados
Dithmenos
Elyvilon
Fedhas
Nemelex Xobeh
Okawaru
Ru
Trog
Yredelemnul
The Shining One

Annotations:
D:6 Edmund, Prince Ribbit
D:8 1 runed translucent door, kuniqs's ghost, novice DEHs
D:9 1 runed translucent door, 1 exclusion


Innate Abilities, Weirdness & Mutations

You cannot wear most types of armour.
You are amphibious.
You can wear up to eight rings at the same time.
Your skin changes colour to match your surroundings (Stealth+).
Your rubbery body absorbs attacks. (AC +1, EV +1)
((You are camouflaged when in or above water. (Stealth+)))
You have tentacles for arms and can constrict up to eight enemies at once.


Message History

* * * LOW HITPOINT WARNING * * *
A ballistomycete spore comes into view.
Unknown command.
A ballistomycete spore comes into view.
Your ballistomycete spore moves out of view.
The boulder beetle bites itself but does no damage.
Blink to where?
Press: ? - help, Dir - move target
As you read the scroll of blinking, it crumbles to dust.
Your ballistomycete spore explodes!
The black bear appears confused.
The explosion of spores engulfs the black bear!!
The black bear is severely wounded.
Fedhas protects your plant from harm.
You hear a shout!
You hear a shout!
Your ballistomycete spore explodes!
The black bear appears confused.
The explosion of spores engulfs the black bear!!
You kill the black bear!
Fedhas appreciates your contribution to the ecosystem.
Items here: )) ††.
Casting: Stone Arrow (safe; 1% risk of failure)
Confirm with . or Enter, or press ? or * to list all spells.
Aiming: Stone Arrow (safe; 1% risk of failure)
Press: ? - help, Shift-Dir - straight line, f - gnoll
Aim: a gnoll, wielding a +3 flail (almost dead, 77% to hit)
The stone arrow hits the gnoll!
You kill the gnoll!
Fedhas appreciates your contribution to the ecosystem.
Unknown command.
The boulder beetle seems less confused.
The boulder beetle bites you!
* * * LOW HITPOINT WARNING * * *
The boulder beetle curls into a ball and begins rolling!
The boulder beetle attacks as it pursues you!
The boulder beetle hits you!!!
Ouch! That really hurt!
You die...
Fedhas appreciates your contribution to the ecosystem.

.....)####
#..)g)..#
###########$#
###........##.#
#...........°.#
#............g#
#.........###○#
#.........###B#
#...........@.#
#..........####
.# #..........#
..###..........#
...............#
..###..........#
...##..........#
....###.######.#
#.......# #.#


You could see a boulder beetle (rolling) and a gnoll.

Vanquished Creatures
  An orc warlord (Bailey)
  2 two-headed ogres
  An arcanist (D:9)
  A kobold demonologist (D:9)
  A komodo dragon (D:9)
  A troll (D:9)
  3 hornets (D:9)
  A spriggan (shapeshifter) (D:9)
  2 wyverns (D:8)
  A shadow (D:9)
  Eustachio (D:5)
  A basilisk (D:9)
  7 yaks
  A wraith (D:9)
  2 steam dragons
  An acid dragon (D:9)
  3 water moccasins
  An ice beast (D:8)
  A sky beast (D:8)
  11 orc warriors
  3 black bears
  An ogre (D:4)
  2 centaurs
  2 kobold brigands
  A gnoll sergeant (D:9)
  5 bullfrogs
  A brain worm (Sewer)
  3 scorpions
  6 wights
  7 killer bees
  2 howler monkeys (D:9)
  A bombardier beetle (D:3)
  3 hounds
  An orc priest (D:9)
  2 iguanas
  8 orc wizards
  18 gnolls
  10 adders
  3 river rats (Sewer)
  A shadow imp (D:6)
  A white imp (D:5)
  6 dart slugs
  6 ribbon worms
  17 orcs
  9 ball pythons
  10 endoplasms
  7 giant cockroaches
  21 goblins
  7 hobgoblins
  18 jackals
  18 kobolds
  8 quokkas
  14 bats
  3 frilled lizards
  8 rats
  2 ballistomycete spores (D:9)
278 creatures vanquished.

Vanquished Creatures (collateral kills)
  A vampire mosquito (D:9)
  5 ballistomycete spores (D:9)
6 creatures vanquished.

Vanquished Creatures (others)
  A sleepcap (D:6)
  An ufetubus (D:6)
  A jackal (Sewer)
3 creatures vanquished.

Grand Total: 287 creatures vanquished

Notes
Turn   | Place    | Note
-------+----------+-------------------------------------------
     0 | D:1      | Chimkentus the Octopode Alchemist began the quest for the
                  | Orb.
     0 | D:1      | Reached XP level 1. HP: 11/11 MP: 3/3
   139 | D:1      | Reached XP level 2. HP: 17/17 MP: 1/5
   403 | D:1      | You fall into a shaft and drop 1 floor!
   591 | D:2      | Found a faded altar of an unknown god.
   729 | D:2      | Reached XP level 3. HP: 21/21 MP: 4/6
   733 | D:2      | Learned a level 3 spell: Mephitic Cloud
  1017 | D:2      | Learned a level 3 spell: Stone Arrow
  1465 | D:2      | Reached XP level 4. HP: 27/27 MP: 0/7
  2501 | D:3      | Found a glowing drain.
  2505 | Sewer    | Entered a sewer
  2520 | Sewer    | Reached XP level 5. HP: 31/31 MP: 1/9
  3070 | Sewer    | Reached skill level 1 in Earth Magic
  3070 | Sewer    | Reached XP level 6. HP: 36/36 MP: 2/10
  3940 | D:4      | Reached skill level 5 in Alchemy
  4269 | D:4      | Learned a level 4 spell: Olgreb's Toxic Radiance
  4276 | D:4      | Reached XP level 7. HP: 39/41 MP: 0/11
  5069 | D:5      | Entered Level 5 of the Dungeon
  5309 | D:5      | Found a basalt altar of Yredelemnul.
  5374 | D:5      | Found a glowing golden altar of the Shining One.
  5377 | D:5      | Found a shadowy altar of Dithmenos.
  5379 | D:5      | Found a white marble altar of Elyvilon.
  5379 | D:5      | Found a blossoming altar of Fedhas.
  5379 | D:5      | Found a bloodstained altar of Trog.
  5379 | D:5      | Found an iron altar of Okawaru.
  5380 | D:5      | Found a broken altar of Ashenzari.
  5381 | D:5      | Found a sparkling altar of Nemelex Xobeh.
  5383 | D:5      | Found a snail-covered altar of Cheibriados.
  5384 | D:5      | Found a sacrificial altar of Ru.
  5398 | D:5      | Became a worshipper of Fedhas Madash
  5535 | D:5      | Noticed Eustachio
  5546 | D:5      | Killed Eustachio
  5547 | D:5      | Reached skill level 1 in Air Magic
  5547 | D:5      | Reached XP level 8. HP: 33/47 MP: 0/14
  5972 | D:5      | Reached skill level 1 in Invocations
  6153 | D:6      | Noticed Prince Ribbit
  6153 | D:6      | Noticed Edmund
  6468 | D:6      | Learned a level 3 spell: Ozocubu's Armour
  6474 | D:6      | Found the +7 Kryia's mail coat {PotionHeal*2 rC+}
  6566 | D:7      | Identified the +0 robe "Jiriomil" {rElec rN+}
  6577 | D:7      | Reached skill level 1 in Ice Magic
  6585 | D:7      | Reached * piety under Fedhas
  6615 | D:7      | Reached skill level 5 in Spellcasting
  6732 | D:7      | Found a flagged portal.
  6745 | Bailey   | Entered a bailey
  7186 | Bailey   | Reached ** piety under Fedhas
  7254 | Bailey   | Reached skill level 5 in Stealth
  7254 | Bailey   | Reached XP level 9. HP: 52/52 MP: 1/17
  7957 | Bailey   | Noticed an orc warlord
  8547 | Bailey   | Reached skill level 5 in Conjurations
  8547 | Bailey   | Reached skill level 5 in Ice Magic
  8547 | Bailey   | Reached skill level 5 in Invocations
  8547 | Bailey   | Reached XP level 10. HP: 62/62 MP: 18/21
  8617 | Bailey   | Killed an orc warlord
  8985 | D:7      | Reached *** piety under Fedhas
  9442 | D:7      | Found a staircase to the Ecumenical Temple.
  9505 | D:8      | Reached XP level 11. HP: 66/66 MP: 10/22
  9513 | D:8      | Noticed a two-headed ogre
 10187 | D:8      | Killed a two-headed ogre
 10514 | D:8      | Found a runed translucent door.
 10515 | D:8      | Noticed kuniqs's ghost (novice DEHs)
 10925 | D:9      | Found a staircase to the Lair.
 10940 | D:9      | Reached **** piety under Fedhas
 11387 | D:9      | Noticed an arcanist
 11394 | D:9      | Killed an arcanist
 11418 | D:9      | Noticed a harpy
 11765 | D:9      | Found a runed translucent door.
 11765 | D:9      | Noticed a seven-headed hydra
 11765 | D:9      | Noticed a two-headed ogre
 11882 | D:9      | Noticed a two-headed ogre
 11883 | D:9      | Noticed a manticore
 11951 | D:9      | Noticed a brown ugly thing
 12203 | D:9      | Found a staircase to the Orcish Mines.
 12203 | D:9      | Noticed a boulder beetle
 12213 | D:9      | Learned a level 4 spell: Sticky Flame
 12255 | D:9      | Killed a two-headed ogre
 12256 | D:9      | Reached XP level 12. HP: 72/72 MP: 3/25
 12291 | D:9      | Demolished by a boulder beetle

Illustrated notes

Levels and vault maps discovered:
D:1:      saegor_arrival_simple_e, layout_basic
D:2:      layout_loops_corners, dreamdust_ecumenical_altar_angels_and_demons,
          grunt_ministairs_3
D:3:      layout_rooms, gup_sewer_entry_bowl, st_stairs_2
D:4:      layout_basic
D:5:      layout_basic, minitemple, grunt_decor_arrowhead, uniq_eustachio
D:6:      layout_loops_ring, uniq_prince_ribbit1, uniq_edmund, uniq_grinder
D:7:      layout_gridville, minmay_temple_entry_poolview, enter_bailey_7
D:8:      layout_basic, gammafunk_ghost_grave
D:9:      minmay_the_grid_triangle_9x9_rhombus_thin_mashed
          [minmay_the_grid_triangle_9x9_flanged_cone,
          minmay_the_grid_triangle_9x9_prize_top_heavy,
          minmay_the_grid_triangle_9x9_impossible_snake,
          minmay_the_grid_triangle_9x9_tough_junction], layout_basic,
          due_lair_maze_entry_diamond, lightli_corner_chamber

Skill      XL: |  1  2  3  4  5  6  7  8  9 10 11 |
---------------+----------------------------------+-----
Alchemy        | 4 5 7 8 9 |  9.7
Conjurations   | 2 3 4 5 6 |  6.1
Stealth        | 3 4 5 6 7 |  7.0
Earth Magic    | 1 2 3 4 |  4.5
Spellcasting   | 3 4 5 7 9 |  9.7
Air Magic      | 1 2 3 |  3.1
Invocations    | 2 5 6 |  6.7
Ice Magic      | 2 5 6 |  6.4
Fighting       | 2 |  2.9
Dodging        | 3 4 |  4.0
Evocations     | 3 |  3.9
Staves         | |  0.2
Ranged Weapons | |  0.9
Throwing       | |  0.1
Unarmed Combat | |  0.3

Action                     |  1- 3 |  4- 6 |  7- 9 | 10-12 || total
---------------------------+-------+-------+-------+-------++-------
  Melee: Unarmed           |    26 |    16 |       |       ||    42
         Tentacles         |    12 |    23 |    17 |     4 ||    56
         Constrict         |     9 |    29 |    20 |     7 ||    65
         Staff             |       |    55 |    48 |    28 ||   131
         Punch             |       |     1 |       |       ||     1
   Fire: Sling             |       |       |    18 |       ||    18
  Throw: Dart              |       |       |     2 |       ||     2
   Cast: Sting             |    47 |    88 |    56 |     7 ||   198
         Mephitic Cloud    |     5 |    18 |    38 |    33 ||    94
         Olgreb's Toxic Ra |       |     1 |    22 |    18 ||    41
         Stone Arrow       |       |       |    34 |    82 ||   116
 Invoke: Wall of Briars    |       |       |       |     1 ||     1
         Grow Ballistomyce |       |       |       |     1 ||     1
  Evoke: Wand              |       |       |     1 |       ||     1
         Condenser vane    |       |       |       |     2 ||     2
    Use: Scroll            |       |     6 |    10 |     4 ||    20
         Potion            |       |     1 |     1 |       ||     2
   Stab: Sleeping          |     2 |       |       |       ||     2
         Confused          |     1 |     5 |     8 |     3 ||    17
         Distracted        |       |     1 |       |       ||     1
 Armour: Skin              |     7 |    34 |    22 |    21 ||    84
  Dodge: Dodged            |    14 |    52 |    34 |    18 ||   118

Table legend: (Time is in decaauts)
 A = Elapsed time spent in this place.
 B = Non-inter-level travel time spent in this place.
 C = Inter-level travel time spent in this place.
 D = Time resting spent in this place.
 E = Time spent auto-exploring this place.
 F = Levels seen in this place.
 G = Mean time per level.
                   A        B        C        D        E       F      G
               +--------+--------+--------+--------+--------+-----+--------+
         Total |  12323 |  11821 |    502 |    838 |   8207 |  11 | 1120.3 |
       Dungeon |   9462 |   8960 |    502 |    455 |   6636 |   9 | 1051.3 |
         Sewer |    868 |    868 |      0 |      0 |    694 |   1 |  868.0 |
        Bailey |   1992 |   1992 |      0 |    383 |    877 |   1 | 1992.0 |
               +--------+--------+--------+--------+--------+-----+--------+

Top non-repeatable levels by time:
  Bailey: 1992 daAuts
     D:9: 1444 daAuts
     D:8: 1299 daAuts
     D:2: 1276 daAuts
     D:4: 1202 daAuts
     D:5: 1136 daAuts
     D:1: 1075 daAuts
     D:7: 1012 daAuts
   Sewer: 868 daAuts
     D:3: 658 daAuts
     D:6: 356 daAuts
